AoeStats
← [ NuMa] Knightwheels

Four Lakes

509906714Analyzed
1v1 RM · 2d ago on Sep 28, 2026· 39m 57s· 2 players
Game mode
Random Map
Map size
Tiny (2 player)
Population
200
Speed
Normal
Resources
Standard
Victory
Conquest
Starting age
Dark Age
Ending age
Imperial Age
RankedLock teamsTeams togetherTeam positionsShared explorationLock speedFull tech treeHidden civsTurbo modeCheats
Victory
Defeat
🇨🇴 Bulgarians · Colombia
459
+12
🇩🇪 Lithuanians · Germany
363
-12
Häslaus
2:25 Loom
11:24 Feudal Age
12:07 Horse Collar
12:36 Double-Bit Axe
15:09 Wheelbarrow
21:53 Castle Age
26:54 Hand Cart
[ NuMa] Knightwheels
0:28 Loom
10:44 Feudal Age
14:54 Arson
16:31 Forging
16:29 Scale Barding Armor
23:02 Castle Age
21:06 Scale Mail Armor
22:21 Bloodlines
23:21 Double-Bit Axe
23:19 Horse Collar
23:45 Gambesons
25:32 Pikeman
26:21 Husbandry
28:34 Chain Barding Armor
30:49 Fletching
31:50 Wheelbarrow
32:29 Town Watch
33:55 Bodkin Arrow
38:00 Iron Casting
39:49 Stirrups
Connection lost

Rejoining the realm…

Still unreachable

The connection could not be restored.

Session expired

The server has moved on; the page needs a fresh start.